Map: Cerulean Fall LE

Players

Mana

  • Race: Protoss Protoss
  • Spawn Location: 1:00

Neeb - Winner!

  • Race: Protoss Protoss
  • Spawn Location: 7:00

Event: WCS Montreal 2018

VOD

Have the link to the VOD?

Description

Time

  • Played on: Sept. 7, 2018, 7:27 p.m.
  • Length: 4:32

All games in this series

Show
View Real Time Build Order
Export as new Build Order

Mana Protoss 

Build Orders:  

Get SALT Encoding   

  12  0:00  Probe  
  13  0:12  Probe  
  14  0:17  Pylon  
  14  0:24  Probe  
  15  0:32  Probe  
  15  0:37  Gateway  
  15  0:40  Probe  
  16  0:46  Assimilator  
  17  0:50  Probe  
  17  0:55  Assimilator  
  18  0:58  Probe  
  19  1:07  Probe  
  19  1:08  Gateway  
  20  1:18  Probe  
  21  1:28  Cybernetics Core  
  21  1:31  Probe  
  22  1:39  Pylon  
  22  1:43  Probe  
  23  1:50  Pylon  
  24  2:10  Robotics Facility  
  24  2:13  Adept  
  25  2:21  Warp Gate  
  25  2:25  Adept  
  27  2:40  Stalker  
  29  2:52  Stalker  
  29  2:54  Immortal  
  31  3:23  Immortal  
  31  3:24  Gateway  
  35  3:46  Shield Battery  
  35  3:53  Pylon  
Show
View Real Time Build Order
Export as new Build Order

Neeb Protoss - Winner!

Build Orders: Oracle Opening 

Get SALT Encoding   

  12  0:00  Probe  
  13  0:12  Probe  
  14  0:17  Pylon  
  14  0:24  Probe  
  15  0:32  Probe  
  15  0:38  Gateway  
  15  0:40  Probe  
  16  0:46  Assimilator  
  17  0:51  Probe  
  17  0:55  Assimilator  
  18  0:59  Probe  
  19  1:07  Probe  
  19  1:08  Gateway  
  20  1:17  Probe  
  21  1:26  Cybernetics Core  
  21  1:29  Probe  
  22  1:37  Pylon  
  22  1:42  Probe  
  23  1:55  Probe  
  24  2:03  Adept x2, Warp Gate  
  29  2:13  Pylon  
  28  2:30  Adept, Stargate  
  28  2:31  Adept  
  32  2:59  Adept  
  32  3:00  Adept  
  32  3:04  Pylon  
  36  3:06  Oracle  
  37  3:26  Stalker  
  37  3:27  Stalker  
  41  3:36  Void Ray  
  41  3:39  Shield Battery  
  41  3:40  Shield Battery  
  43  3:56  Pylon  
Tags
 
Add a new tag
Caveats
  • Supply blocks, unpowered buildings, or Contaminate may cause inaccurate times.
  • Supply counts are checked every 10 seconds.